 Dungeon Crawl Stone Soup version 0.31.0-32-g396128a36d (webtiles) character file.

Game seed: 5275493938684953176

498 H0rd4k the Insei (level 7, -3/45 HPs)
             Began as an Octopode Artificer on Apr 25, 2024.
             Slain by a sleepcap (14 damage)
             ... on level 5 of the Dungeon.
             The game lasted 00:02:41 (2715 turns).

H0rd4k the Insei (Octopode Artificer)               Turns: 2715, Time: 00:02:41

Health: -3/45      AC:  1    Str: 11    XL:     7   Next: 16%
Magic:  7/7        EV:  2    Int: 15    God:
Gold:   43         SH:  0    Dex: 13    Spells: 6/6 levels left

rFire   . .          .
                       - Unarmed
rCold   . . .        (no shield)
rNeg    . . .        (helmet restricted)
rPois   .            (no amulet)
rElec   .            (no ring)
rCorr   .            (no ring)
SInv    .            (no ring)
Will    .....        (no ring)
Stlth   +++          (no ring)
HPRegen 0.27/turn    (no ring)
MPRegen 0.10/turn    (no ring)
                     (no ring)

%: no passive effects
@: sleeping
A: almost no armour, amphibious, 8 rings, camouflage 1, gelatinous body 1,
(nimble swimmer 1), tentacles
a: no special abilities


You were on level 5 of the Dungeon.
You visited 1 branch of the dungeon, and saw 5 of its levels.

You collected 43 gold pieces.

Inventory:

Missiles
 l - 9 poisoned darts
Jewellery
 s - a ring of willpower
 t - a +6 ring of strength
 w - an amulet of guardian spirit
Wands
 c - a wand of charming (14)
 d - a wand of iceblast (8)
Scrolls
 e - 2 scrolls of identify {unknown}
 f - 2 scrolls of poison {unknown}
 h - a scroll of immolation {unknown}
 i - a scroll of vulnerability {unknown}
 n - a scroll of amnesia {unknown}
 o - a scroll of enchant weapon {unknown}
 p - a scroll of blinking {unknown}
 r - a scroll of noise {unknown}
 u - 2 scrolls of teleportation {unknown}
 v - a scroll of revelation {unknown}
 x - a scroll of torment {unknown}
 y - a scroll of silence {unknown}
Potions
 a - 4 potions of curing {unknown}
 g - 2 potions of might {unknown}
 j - a potion of invisibility {unknown}
 k - a potion of enlightenment {unknown}
 m - 2 potions of attraction {unknown}
 q - a potion of haste {unknown}


   Skills:
 + Level 2.5 Fighting
 - Level 2.3 Dodging
 - Level 1.3 Stealth
 + Level 6.7 Unarmed Combat
 - Level 3.2 Evocations


You had 6 spell levels left.
You didn't know any spells.
Your spell library contained the following spells:

 Spells                   Type           Power      Damage    Failure   Level
 Inner Flame              Hex/Fire       0%         N/A       63%         3
 Flame Wave               Conj/Fire      0%         2d4       95%         4
 Sticky Flame             Fire/Alch      0%         2d4       95%         4


Dungeon Overview and Level Annotations

Branches:
Dungeon (5/15)
 Temple: D:4-7

Altars:
Nemelex Xobeh

Annotations:
D:2 exclusion: downstairs
D:4 1 exclusion


Innate Abilities, Weirdness & Mutations

You cannot wear most types of armour.
You are amphibious.
You can wear up to eight rings at the same time.
Your skin changes colour to match your surroundings (Stealth+).
Your rubbery body absorbs attacks. (AC +1, EV +1)
((You are camouflaged when in or above water. (Stealth+)))
You have tentacles for arms and can constrict up to eight enemies at once.


Message History

The scorpion is heavily wounded.
The scorpion stings you.
You tentacle-slap the scorpion. You grab the scorpion.
You squeeze the scorpion.
The scorpion is severely wounded.
You constrict the scorpion. The scorpion stings you.
You tentacle-slap the scorpion. x2
You kill the scorpion!
You tentacle-slap the sleepcap. You grab the sleepcap.
The sleepcap is moderately damaged.
You constrict the sleepcap, but do no damage.
The sleepcap releases spores at you!
You are engulfed in a cloud of soporific spores!
You fall asleep.
You lose your grip on the sleepcap.
The sleepcap releases spores at you!
You wake up.
You tentacle-slap the sleepcap but do no damage.
You grab the sleepcap.
The sleepcap is moderately damaged.
You constrict the sleepcap, but do no damage.
You tentacle-slap the sleepcap.
The sleepcap is moderately damaged.
You constrict the sleepcap. The sleepcap closely misses you.
You tentacle-slap the sleepcap but do no damage.
You squeeze the sleepcap.
The sleepcap is heavily damaged.
You constrict the sleepcap. The sleepcap releases spores at you.
You are engulfed in a cloud of soporific spores!
You are unaffected.
You tentacle-slap the sleepcap but do no damage.
You squeeze the sleepcap.
The sleepcap is severely damaged.
You constrict the sleepcap, but do no damage.
The sleepcap releases spores at you!
* * * LOW HITPOINT WARNING * * *
You are engulfed in a cloud of soporific spores!
You fall asleep.
You lose your grip on the sleepcap.
The sleepcap releases spores at you!
You die...

.# ... #######
.... #@f...###
#s...
###.....####.....
###.....#.....#
###........#
###.....##
#........#
#.....#....
#.....## #..
#.....## #


You could see a sleepcap.

Vanquished Creatures
  A black bear (D:4)
  A phantom (D:4)
  A scorpion (D:5)
  A bombardier beetle (D:3)
  An orc priest (D:3)
  A hound (D:5)
  An iguana (D:4)
  4 gnolls (D:3)
  2 adders
  4 dart slugs
  12 orcs (D:3)
  4 ball pythons
  3 endoplasms
  3 giant cockroaches
  7 goblins
  7 hobgoblins
  7 jackals (D:2)
  5 kobolds
  A quokka (D:1)
  6 bats
  2 frilled lizards (D:3)
  4 rats
78 creatures vanquished.

Vanquished Creatures (others)
  An orc (D:3)
1 creature vanquished.

Grand Total: 79 creatures vanquished

Notes
Turn   | Place    | Note
-------+----------+-------------------------------------------
     0 | D:1      | H0rd4k the Octopode Artificer began the quest for the Orb.
     0 | D:1      | Reached XP level 1. HP: 13/13 MP: 1/1
    11 | D:1      | Noticed a centaur
   110 | D:1      | Reached skill level 1 in Unarmed Combat
   173 | D:1      | Reached XP level 2. HP: 18/18 MP: 2/2
   237 | D:1      | Reached skill level 2 in Unarmed Combat
   531 | D:1      | Reached XP level 3. HP: 23/23 MP: 3/3
   615 | D:1      | Found a faded altar of an unknown god.
  1410 | D:2      | Reached skill level 3 in Unarmed Combat
  1535 | D:2      | Reached XP level 4. HP: 26/28 MP: 4/4
  1720 | D:3      | Found a sparkling altar of Nemelex Xobeh.
  1845 | D:3      | Reached skill level 4 in Unarmed Combat
  2006 | D:3      | Reached XP level 5. HP: 34/34 MP: 5/5
  2173 | D:3      | Reached skill level 5 in Unarmed Combat
  2434 | D:4      | Noticed a phantom
  2449 | D:4      | Killed a phantom
  2450 | D:4      | Reached XP level 6. HP: 35/39 MP: 6/6
  2547 | D:4      | Noticed a black bear
  2554 | D:4      | Killed a black bear
  2555 | D:4      | Reached skill level 6 in Unarmed Combat
  2683 | D:5      | Entered Level 5 of the Dungeon
  2706 | D:5      | Reached XP level 7. HP: 41/45 MP: 7/7
  2715 | D:5      | Slain by a sleepcap

Illustrated notes

Levels and vault maps discovered:
D:1:      evilmike_arrival_come_back, layout_basic,
          hellmonk_ecumenical_altar_defaced_shrine, hangedman_decor_growths,
          st_stairs_10
D:2:      layout_basic, kennysheep_cross_bottleneck
D:3:      layout_basic, nemelex_xobeh_ov_fountains_minmay,
          guppyfry_early_orc_mine
D:4:      layout_cave_pools, mainiacjoe_overflow_chevrons, serial_glass,
          glass_columns_b, glass_columns_b, feat_on_display, feat_on_display,
          due_unseen_surprise
D:5:      layout_cave_pools, hangedman_decor_riveting, minmay_crossroads,
          uniq_grinder

Skill      XL: |  1  2  3  4  5  6 |
---------------+-------------------+-----
Unarmed Combat | 1 2 3 4 5 6 |  6.7
Fighting       | 2 |  2.5
Dodging        | |  2.3
Stealth        | |  1.3
Evocations     | |  3.2

Action                     |  1- 3 |  4- 6 |  7- 9 || total
---------------------------+-------+-------+-------++-------
  Melee: Unarmed           |    85 |    72 |     8 ||   165
         Constrict         |    25 |    21 |     3 ||    49
         Tentacles         |    23 |    17 |     4 ||    44
         Punch             |     3 |     4 |     1 ||     8
  Evoke: Wand              |       |    18 |       ||    18
   Stab: Sleeping          |     9 |     7 |       ||    16
         Distracted        |       |     1 |       ||     1
 Armour: Skin              |    36 |    30 |     7 ||    73
  Dodge: Dodged            |    51 |    49 |     1 ||   101
